Unix NetHack Version 5.0.0-0 post-release - last build May 10 2026 23:12:36 (d1fa5d53e341ca933230fdaa984d921c805b60aa,branch:main).

Game began 2026-05-13 23:13:25, ended 2026-05-13 23:28:02.

BaeHund, chaotic male elven Priest

                                                         #
                                                         #         -----------
                                                         ##########..........|
                                                         #         |.........|
                                                         #       ##+.........|
                                                         #       ##-----------
                                                         #    #######
                                                         #          #
                                                         #          #
                                                         @          #
                                                         f    ------#
                                                         #    |....|#
                                                         #    |....|#
                                                              |..%))#
                                                              .....|
                                                              |....|
                                                              ------

BaeHund the Adept            St:9 Dx:17 Co:12 In:10 Wi:20 Ch:12  Chaotic
Dlvl:8  $:56 HP:0(46) Pw:79(79) AC:4  Xp:6 T:1734 

Latest messages:
 You kill it!
 The gnome shoots 2 crossbow bolts!
 The 1st crossbow bolt misses you.
 The crossbow bolt falls down the stairs.
 The 2nd crossbow bolt misses you.
 The giant spider bites!
 The giant spider bites!
 You hit the giant spider!
 The giant spider bites!
 You miss the giant spider.
 The giant spider bites!
 The large cat is caught in a spider web.
 You miss the giant spider.
 The giant spider misses!
 You hit the giant spider!
 The gnome shoots 2 crossbow bolts!
 The 1st crossbow bolt misses the large cat.
 The 1st crossbow bolt hits the giant spider.
 The 2nd crossbow bolt misses the large cat.
 The 2nd crossbow bolt misses the giant spider.
 The 2nd crossbow bolt misses you.
 The giant spider bites!
 What do you want to write with? [- av or ?*] -
 You write in the dust with your fingertip.
 What do you want to write in the dust here? Elbereth
 The giant spider turns to flee.
 The giant spider turns to flee.
 The gnome shoots a crossbow bolt!
 You are hit by a crossbow bolt.
 Elf, your life force is running out.
 You feel an unexpected draft.
 In what direction? h
 The door resists!
 In what direction? h
 The door closes.
 You hear a door open.
 You hit the large cat!
 The large cat bites!
 You hit the large cat!
 The large cat bites!
 What do you want to read? [ghjkn-qsxD or ?*] D
 As you read the scroll, it disappears.
 You shudder for a moment.
 The large cat bites!
 You die...
 Do you want your possessions identified? [ynq] (y) y
 Do you want to see your attributes? [ynq] (y) y
 Do you want an account of creatures vanquished? [ynaq] (y) y
 Do you want to see your conduct and achievements? [ynq] (y) y
 Do you want to see the dungeon overview? [ynq] (y) y

Inventory:
 Coins    ('$')
  $ - 56 gold pieces
 Weapons  (')')
  v - a +0 aklys
  a - a blessed +1 mace (weapon in right hand)
 Armor    ('[')
  m - a +2 pair of low boots (being worn)
  c - a +0 small shield (being worn)
  b - a +0 robe (being worn)
 Comestibles  ('%')
  e - a clove of garlic
  u - a cram ration
  l - 3 food rations
  f - a sprig of wolfsbane
 Scrolls  ('?')
  j - a scroll of confuse monster
  p - a scroll of earth
  x - a scroll of enchant armor
  s - a scroll of fire
  n - a scroll of identify
  k - a scroll of light
  q - a cursed scroll of remove curse
 Spellbooks  ('+')
  h - a spellbook of create monster
  o - a spellbook of knock
  g - a spellbook of light
 Potions  ('!')
  w - a cursed potion of healing
  d - 4 potions of holy water
  B - a potion of water
 Tools    ('(')
  A - a frost horn (0:6)
  r - an oil lamp (lit)
  y - a tin whistle

BaeHund the Priest's attributes:

Background:
 You were an Adept, a level 6 elven Priest.
 You were chaotic, on a mission for Huhetotl
 who was opposed by Quetzalcoatl (lawful) and Camaxtli (neutral).
 You were right-handed.
 You were in the Gnomish Mines, on level 8.
 You entered the dungeon 1734 turns ago.
 It was nighttime.
 You had 537 experience points, 103 more were needed to attain level 7.

Basics:
 You had 0 out of 46 hit points.
 You had all 79 energy points (spell power).
 Your armor class was 4.
 Your wallet contained 56 zorkmids.
 Autopickup was off.

Final Characteristics:
 Your strength was 9 (limit:18).
 Your dexterity was 17 (limit:18).
 Your constitution was 12 (limit:16).
 Your intelligence was 10 (limit:20).
 Your wisdom was 20 (limit:20).
 Your charisma was 12 (limit:18).

Final Status:
 You weren't hungry.
 You were unencumbered.
 You were wielding a mace.
 You were skilled in mace.

Final Attributes:
 You were devoutly aligned.
 You were sleep resistant.
 You had infravision.
 You were guarded.
 Your spell casting was enhanced by wearing a robe.
 You are dead.

Miscellaneous:
 You didn't encounter any bones levels.
 Total elapsed playing time was 14 minutes and 36 seconds.

Major events:
 Turn
    1: BaeHund the chaotic elven Priest entered the dungeon
  656: entered the Gnomish Mines
  660: attained the rank of Acolyte (level 3)
 1306: attained the rank of Adept (level 6)
 1734: killed by a large cat

Spells:
 Name                 Level Category     Fail Retention
 light                  1   clerical       0%  91%-100%
 create monster         2   clerical       0%  91%-100%
 knock                  1   matter         0%  76%-100%

Skills:
 Fighting Skills
   bare handed combat [Unskilled]
 Weapon Skills
   club               [Unskilled]
   mace               [Skilled]
   morning star       [Unskilled]
   flail              [Unskilled]
   hammer             [Unskilled]
   quarterstaff       [Unskilled]
   polearms           [Unskilled]
   spear              [Unskilled]
   trident            [Unskilled]
   lance              [Unskilled]
   bow                [Unskilled]
   sling              [Unskilled]
   crossbow           [Unskilled]
   dart               [Unskilled]
   shuriken           [Unskilled]
   boomerang          [Unskilled]
   unicorn horn       [Unskilled]
 Spellcasting Skills
   healing spells     [Unskilled]
   divination spells  [Unskilled]
   clerical spells    [Basic]

Voluntary challenges:
 Character rerolling was not enabled.
 You never genocided any monsters.
 You never polymorphed an object.
 You never changed form.
 You used no wishes.
Achievements:
 You entered the Gnomish Mines.
 You attained the rank of Acolyte.
 You attained the rank of Adept.

 The Dungeons of Doom: levels 1 to 4
    Level 1:
       Some fountains, a sink.
    Level 2:
       A grave.
    Level 3:
    Level 4:
       Stairs down to The Gnomish Mines.
 The Gnomish Mines: levels 5 to 8
    Level 5:
    Level 6:
    Level 7:
    Level 8: <- You were here.
       Final resting place for
          you, killed by a large cat.


Vanquished creatures:
  a gnome ruler
  a fog cloud
  6 gnome leaders
  a gnomish wizard
  3 elf zombies
  a straw golem
  a kitten
  6 dwarves
  3 hill orcs
  a werejackal
  2 iguanas
  a large kobold
  a hobgoblin
 25 gnomes
  a gnome zombie
  a gecko
  5 jackals
  2 foxes
  a sewer rat
  a grid bug
  3 lichens
  2 kobold zombies
  5 newts
74 creatures vanquished.

No species were genocided or became extinct.

Game over:
                       ----------
                      /          \
                     /    REST    \
                    /      IN      \
                   /     PEACE      \
                  /                  \
                  |     BaeHund      |
                  |      56 Au       |
                  |   killed by a    |
                  |    large cat     |
                  |                  |
                  |                  |
                  |       2026       |
                 *|     *  *  *      | *
        _________)/\\_//(\/(/\)/\//\/|_)_______

Goodbye BaeHund the Priest...

You died in The Gnomish Mines on dungeon level 8 with 2579 points,
and 56 pieces of gold, after 1734 moves.
You were level 6 with a maximum of 46 hit points when you died.

